 Dungeon Crawl Stone Soup version 0.26.1-12-g5ba1501909 (webtiles) character file.

Game seed: 16886797471305193752

110 CoveEight the Caller (level 4, -2/25 HPs)
             Began as a Tengu Summoner on Nov 3, 2021.
             Slain by an orc
             ... wielding a +0 trident
              (6 damage)
             ... on level 3 of the Dungeon.
             The game lasted 00:05:27 (4776 turns).

CoveEight the Caller (Tengu Summoner)               Turns: 4776, Time: 00:05:27

Health: -2/25      AC:  3    Str:  9    XL:     4   Next: 91%
Magic:  7/9        EV: 13    Int: 16    God:
Gold:   213        SH:  0    Dex: 14    Spells: 2/8 levels left

rFire    . . .     SeeInvis .   (no weapon)
rCold    . . .     Faith    .   (no shield)
rNeg     . . .     Spirit   .   a - +0 robe
rPois    .         Reflect  .   (helmet restricted)
rElec    .         Harm     .   (no cloak)
rCorr    .         Rampage  .   i - +0 pair of gloves
Will     .....                  (boots unavailable)
Stlth    ++........             (no amulet)
HPRegen  0.08/turn              (no ring)
MPRegen  0.11/turn              (no ring)

@: no status effects
A: beak, talons 3
a: no special abilities


You were on level 3 of the Dungeon.
You visited 1 branch of the dungeon, and saw 4 of its levels.

You collected 213 gold pieces.

Inventory:

Armour
 a - a +0 robe (worn)
 i - a +0 pair of gloves (worn)
 l - a +0 buckler
Scrolls
 b - a scroll of fear {unknown}
 c - 3 scrolls of blinking {unknown}
 d - a scroll of identify {unknown}
 e - a scroll of enchant armour {unknown}
 f - a scroll of enchant weapon {unknown}
 h - a scroll of teleportation {unknown}
 n - a scroll of noise {unknown}
Potions
 g - a potion of might {unknown}
 j - a potion of attraction {unknown}
 k - 2 potions of curing {unknown}
 m - a potion of ambrosia {unknown}


   Skills:
 + Level 1.3 Fighting
 + Level 1.0 Armour
 + Level 2.8 Dodging
 + Level 2.5 Stealth
 * Level 0.4 Shields
 * Level 2.8 Spellcasting
 * Level 5.4 Summonings


You had 2 spell levels left.
You knew the following spells:

 Your Spells              Type           Power        Failure   Level
a - Summon Small Mammal   Summ           76%          1%          1
b - Call Imp              Summ           19%          3%          2
c - Call Canine Familiar  Summ           19%          6%          3

Your spell library contained the following spells:

 Spells                   Type           Power        Failure   Level
 Summon Guardian Golem    Hex/Summ       11%          19%         3
 Summon Ice Beast         Ice/Summ       11%          52%         4
 Summon Lightning Spire   Summ/Air       11%          52%         4


Dungeon Overview and Level Annotations

Branches:
Dungeon (4/15)
 Temple: D:4-7

Altars:
Gozag


Innate Abilities, Weirdness & Mutations

You have a beak for a mouth.
You have claws for feet.


Message History

You kill the kobold!
The bat completely misses you. The bat hits you but does no damage.
The jackal misses you.
The orc hits you from afar with a +0 trident.
The jackal bites you.
* * * LOW HITPOINT WARNING * * *
The bat hits you but does no damage. The bat hits you but does no damage.
The jackal misses you. The bat hits you.
* * * LOW HITPOINT WARNING * * *
The bat closely misses you. The jackal bites you.
* * * LOW HITPOINT WARNING * * *
Casting: Call Imp (safe; 3% risk of failure)
Confirm with . or Enter, or press ? or * to list all spells.
A beastly little devil appears in a puff of flame.
The jackal barely misses you. The orc closely misses you.
The bat barely misses you. The bat barely misses you.
The jackal completely misses you.
The orc hits you from afar with a +0 trident.
You die...

.#.##
.........######.#
.....
.............$..#
.##.#
................#
.##.#
......).........#
###.#
......†.........#
###.#
..########.......#
.##.##..#
#o..b...#
.##..#..#
#h......#
..†.....#
###@.5....#
.......##
#.........#
..###..#
#.#......##
.).....#
#.########
#..#.#.# #.#
#..#.#># #.#
#..#.###### #.#
#.........# #.#
#.##.####.####.#


You could see an orc, a jackal, a bat and a friendly crimson imp (summoned).

Vanquished Creatures
  An adder (D:3)
  2 dart slugs
  A ball python (D:3)
  A giant cockroach (D:3)
  2 goblins
  4 hobgoblins
  2 jackals (D:3)
  4 bats
  7 kobolds
  10 rats
34 creatures vanquished.

Vanquished Creatures (collateral kills)
  Natasha (thrice) (D:2)
  An adder (D:3)
  An ooze (D:2)
  2 worms
  A dart slug (D:1)
  2 leopard geckos (D:1)
  3 giant cockroaches
  7 hobgoblins
  2 jackals (D:3)
  3 kobolds
  A bat (D:1)
  A frilled lizard (D:1)
  A rat (D:2)
28 creatures vanquished.

Vanquished Creatures (others)
  3 plants (D:2)
3 creatures vanquished.

Grand Total: 65 creatures vanquished

Notes
Turn   | Place    | Note
-------+----------+-------------------------------------------
     0 | D:1      | CoveEight the Tengu Summoner began the quest for the Orb.
     0 | D:1      | Reached XP level 1. HP: 10/10 MP: 4/4
   726 | D:1      | Reached XP level 2. HP: 14/15 MP: 4/6
   729 | D:1      | Learned a level 2 spell: Call Imp
   749 | D:1      | Reached skill level 5 in Summonings
  1784 | D:2      | You fall into a shaft and drop 2 floors!
  2005 | D:3      | Reached XP level 3. HP: 9/20 MP: 2/7
  2009 | D:3      | Learned a level 3 spell: Call Canine Familiar
  2726 | D:2      | Reached skill level 1 in Fighting
  3376 | D:2      | Noticed Natasha
  3675 | D:2      | Killed Natasha
  3676 | D:2      | Reached XP level 4. HP: 10/25 MP: 1/8
  3884 | D:2      | Noticed Natasha
  3901 | D:2      | Killed Natasha
  3902 | D:2      | Reached skill level 1 in Armour
  4014 | D:2      | Found an opulent altar of Gozag.
  4204 | D:2      | Noticed Natasha
  4222 | D:2      | Killed Natasha
  4776 | D:3      | Slain by an orc

Illustrated notes

Levels and vault maps discovered:
D:1:      scummos_arrival_gate, layout_basic
D:2:      cheibrodos_old_hovel, layout_loops_cross, grunt_gozag_statues,
          uniq_natasha
D:3:      layout_basic
D:4:      layout_gridville, minmay_fractal_squares_gapless_5, uniq_grinder

Skill      XL: |  1  2  3  4 |
---------------+-------------+-----
Summonings     | 5 |  5.4
Fighting       | 1 |  1.3
Armour         | 1 |  1.0
Dodging        | |  2.8
Stealth        | |  2.5
Shields        | |  0.4
Spellcasting   | |  2.8

Action                   |  1- 3 |  4- 6 || total
-------------------------+-------+-------++-------
Melee: Unarmed           |   118 |    40 ||   158
       Kick              |    24 |    12 ||    36
       Peck              |    14 |     8 ||    22
 Cast: Summon Small Mamm |    19 |       ||    19
       Call Imp          |    38 |    13 ||    51
       Call Canine Famil |     1 |       ||     1
 Stab: Sleeping          |     4 |     1 ||     5
Armor: Robe              |    27 |    21 ||    48
Dodge: Dodged            |   121 |    71 ||   192
